 Dungeon Crawl Stone Soup version 0.29.1-15-g9cfb28693d (webtiles) character file.

Game seed: 14562610799057106105

89 Ihaveafatcat the Trooper (level 4, -4/41 HPs)
             Began as a Minotaur Fighter on Apr 3, 2023.
             Slain by Edmund
             ... wielding a +1 flail of protection
              (7 damage)
             ... on level 4 of the Dungeon.
             The game lasted 00:04:58 (2871 turns).

Ihaveafatcat the Trooper (Minotaur Fighter)         Turns: 2871, Time: 00:04:58

Health: -4/41      AC:  7    Str: 22    XL:     4   Next: 31%
Magic:  12/12      EV:  9    Int:  5    God:
Gold:   109        SH:  4    Dex: 10    Spells: 3/3 levels left

rFire   . . .      SeeInvis .   a - +0 war axe
rCold   . . .      Faith    .   c - +0 buckler
rNeg    . . .      Spirit   .   b - +0 scale mail
rPois   .          Reflect  .   (helmet restricted)
rElec   .          Harm     .   (no cloak)
rCorr   .          Rampage  .   (no gloves)
Will    .....                   (no boots)
Stlth   ..........              (no amulet)
HPRegen 0.13/turn               m - ring of magical power
MPRegen 0.13/turn               i - ring of wizardry

@: no status effects
A: horns 2, retaliatory headbutt
a: no special abilities


You were on level 4 of the Dungeon.
You visited 1 branch of the dungeon, and saw 5 of its levels.

You collected 109 gold pieces.

Inventory:

Hand Weapons
 a - a +0 war axe (weapon)
 f - a +1 vorpal great sword
Armour
 b - a +0 scale mail (worn)
 c - a +0 buckler (worn)
Jewellery
 i - a ring of wizardry (right hand)
 m - a ring of magical power (left hand)
Scrolls
 g - 5 scrolls of identify {unknown}
 j - 2 scrolls of amnesia {unknown}
 l - a scroll of magic mapping {unknown}
 n - a scroll of teleportation {unknown}
 o - a scroll of vulnerability {unknown}
 p - a scroll of blinking {unknown}
Potions
 d - a potion of might
 e - a potion of invisibility {unknown}
 h - 2 potions of heal wounds {unknown}
 k - a potion of brilliance {unknown}
 q - a potion of flight {unknown}


   Skills:
 * Level 4.5 Fighting
 - Level 3.2 Axes
 + Level 4.4 Armour
 + Level 4.4 Shields


You had 3 spell levels left.
You didn't know any spells.
Your spell library contained the following spells:

 Spells                   Type           Power      Damage    Failure   Level
 Alistair's Intoxication  Tmut/Pois      0%         N/A       100%        5
 Borgnjor's Vile Clutch   Necr/Erth      0%         N/A       100%        5
 Eringya's Noxious Bog    Tmut/Pois      0%         N/A       100%        6


Dungeon Overview and Level Annotations

Branches:
Dungeon (5/15)
 Temple: D:4-7

Altars:
Uskayaw

Annotations:
D:4 Edmund, Sigmund


Innate Abilities, Weirdness & Mutations

You have a pair of horns on your head.
You reflexively headbutt those who attack you in melee.


Message History

Sigmund gestures wildly while chanting.
Sigmund flickers and vanishes!
Deactivating autopickup; reactivate with Ctrl-A.
Edmund hits you with a +1 flail of protection!
You hit Edmund. Your headbutt misses Edmund.
Edmund is heavily wounded.
Edmund closely misses you.
The kobold throws a poisoned dart.
You block the poisoned dart.
You closely miss Edmund. You headbutt Edmund.
Edmund is severely wounded.
Edmund hits you with a +1 flail of protection.
Edmund hits you but does no damage.
You barely miss Edmund. Your headbutt misses Edmund.
Edmund is severely wounded.
You hit the kobold but do no damage.
Edmund hits you with a +1 flail of protection.
The kobold barely misses you.
You closely miss Edmund.
Edmund is severely wounded.
You slash the kobold!
You kill the kobold!
Edmund hits you with a +1 flail of protection.
Something hits you.
You closely miss Edmund. Your headbutt misses Edmund.
Edmund is severely wounded.
Edmund hits you with a +1 flail of protection.
Something hits you.
* * * LOW HITPOINT WARNING * * *
Edmund hits you with a +1 flail of protection!
* * * LOW HITPOINT WARNING * * *
You barely miss Edmund. Your headbutt misses Edmund.
Edmund is severely wounded.
Edmund hits you but does no damage.
You hear some strange, mumbled words.
A puff of flame appears from out of thin air!
The puff of flame hits you but does no damage.
You hit Edmund but do no damage.
Edmund is severely wounded.
Edmund hits you with a +1 flail of protection!
You die...

######
#######+#[.....
...............
..............#
.......>......#
.....{)@......#
.......@....$.#
...####+#.....#
.. ###### (


You could see Edmund.

Vanquished Creatures
  An adder (D:3)
  4 worms
  A dart slug (D:2)
  2 orcs
  9 ball pythons
  10 endoplasms
  2 giant cockroaches
  5 goblins
  A hobgoblin (D:1)
  5 jackals (D:1)
  4 quokkas
  4 bats
  2 frilled lizards (D:1)
  4 kobolds
  4 rats
58 creatures vanquished.

Notes
Turn   | Place    | Note
-------+----------+-------------------------------------------
     0 | D:1      | Ihaveafatcat the Minotaur Fighter began the quest for the
                  | Orb.
     0 | D:1      | Reached XP level 1. HP: 19/19 MP: 0/0
   193 | D:1      | Reached XP level 2. HP: 26/27 MP: 1/1
   284 | D:1      | Found a faded altar of an unknown god.
   611 | D:1      | Reached XP level 3. HP: 33/33 MP: 2/2
  1859 | D:3      | Found a hide-covered altar of Uskayaw.
  2024 | D:3      | Reached XP level 4. HP: 33/41 MP: 3/3
  2776 | D:3      | You fall into a shaft and drop 2 floors!
  2776 | D:5      | Entered Level 5 of the Dungeon
  2859 | D:4      | Noticed Edmund
  2863 | D:4      | Noticed Sigmund
  2871 | D:4      | Slain by Edmund

Illustrated notes

Levels and vault maps discovered:
D:1:      eino_arrival_cavern_b, layout_basic,
          hellmonk_ecumenical_altar_heavens_door, corexii_leaking_fountain,
          hex_large, amethyst_killhole, minmay_pentomino_p2
D:2:      layout_loops_ring, corexii_corridor_pit
D:3:      layout_basic, overflow_temple_1_default, nicolae_underground_beach
D:4:      minmay_skewed_foursquare, layout_basic, trog_book, uniq_edmund,
          uniq_sigmund, uniq_ijyb
D:5:      layout_basic, serial_shops, shop, nicolae_shop_window_shopping,
          kennysheep_cross_room

Skill      XL: |  1  2 |
---------------+-------+-----
Fighting       | 4 |  4.5
Shields        | 4 |  4.4
Armour         | 4 |  4.4
Axes           | 3 |  3.2

Action                   |  1- 3 |  4- 6 || total
-------------------------+-------+-------++-------
Melee: War axe           |    82 |    31 ||   113
       Headbutt          |    13 |     2 ||    15
Armor: Scale mail        |    38 |    16 ||    54
Dodge: Dodged            |    41 |    13 ||    54
Block: Buckler           |    21 |    11 ||    32
